 Dungeon Crawl Stone Soup version 0.28-a0-1404-g4df0f3684d (webtiles) character file.

Game seed: 3377681430312991232

4424 HallandMoats the Knight (level 10, 0/96 HPs)
             Began as a Deep Dwarf Fighter on Jan 5, 2022.
             Was a Priest of Okawaru.
             Slain by a gnoll sergeant (3 damage)
             ... in a bailey.
             The game lasted 00:18:17 (6650 turns).

HallandMoats the Knight (Deep Dwarf Fighter)        Turns: 6650, Time: 00:18:17

Health: 0/96       AC: 14    Str: 20    XL:     10   Next: 14%
Magic:  3/3        EV: 12    Int:  9    God:    Okawaru [***...]
Gold:   325        SH:  5    Dex: 16    Spells: 9/9 levels left

rFire   . . .      SeeInvis .   w - +6 flail (drain)
rCold   . . .      Faith    .   c - +0 buckler
rNeg    + + .      Spirit   .   v - +0 pearl dragon scales
rPois   +          Reflect  .   x - +0 helmet
rElec   .          Harm     .   (no cloak)
rCorr   .          Rampage  .   (no gloves)
Will    +....                   (no boots)
Stlth   ..........              (no amulet)
HPRegen 0.00/turn               i - ring of positive energy
MPRegen 0.08/turn               u - ring of poison resistance

@: no status effects
A: damage resistance, heal wounds, sense surroundings 2, no regeneration
a: Heal Wounds, Renounce Religion, Heroism


You were in a bailey.
You worshipped Okawaru.
Okawaru was most pleased with you.
You visited 2 branches of the dungeon, and saw 9 of its levels.
You also visited: Bailey.

You collected 325 gold pieces.

Inventory:

Hand Weapons
 a - a +0 war axe
 b - a +0 short sword of venom
 w - a +6 flail of draining (weapon)
Missiles
 G - 5 throwing nets (quivered)
Armour
 c - a +0 buckler (worn)
 v - +0 pearl dragon scales (worn)
 x - a +0 helmet (worn)
Jewellery
 i - a ring of positive energy (left hand)
 k - a ring of wizardry
 s - a ring of flight
 u - a ring of poison resistance (right hand)
 B - a ring of see invisible
Wands
 e - a wand of digging (2)
 y - a wand of paralysis (18)
 I - a wand of polymorph (5)
Scrolls
 f - a scroll of enchant weapon
 h - 7 scrolls of identify
 n - a scroll of vulnerability {unknown}
 o - a scroll of holy word {unknown}
 p - 3 scrolls of enchant armour {unknown}
 E - a scroll of immolation {unknown}
 F - a scroll of fear {unknown}
 J - a scroll of teleportation
 K - a scroll of fog {unknown}
Potions
 d - a potion of lignification
 g - a potion of magic
 j - a potion of invisibility {unknown}
 l - a potion of brilliance
 r - a potion of attraction {unknown}
 t - 3 potions of mutation {unknown}
 A - 2 potions of curing
 C - a potion of ambrosia {unknown}
 D - 2 potions of degeneration {unknown}
 H - a potion of berserk rage {unknown}


   Skills:
 * Level 7.7 Fighting
 + Level 6.5 Axes
 + Level 6.8 Armour
 + Level 5.9 Dodging
 - Level 5.3 Shields
 * Level 9.2 Invocations


You had 9 spell levels left.
You didn't know any spells.
Your spell library contained the following spells:

 Spells                   Type           Power      Damage    Failure   Level
 Foxfire                  Conj/Fire      0%         2x1d4     86%         1
 Freeze                   Ice            0%         1d3       86%         1
 Magic Dart               Conj           0%         1d3       86%         1
 Ensorcelled Hibernation  Hex/Ice        0%         N/A       94%         2
 Conjure Flame            Conj/Fire      0%         6-21      99%         3
 Frozen Ramparts          Ice            0%         1d2       99%         3
 Inner Flame              Hex/Fire       0%         N/A       99%         3
 Mephitic Cloud           Conj/Pois/Air  0%         N/A       99%         3
 Spider Form              Tmut/Pois      0%         N/A       99%         3
 Flame Wave               Conj/Fire      0%         2d4       100%        4
 Hailstorm                Conj/Ice       0%         3d3       100%        4
 Call Imp                 Summ           Unusable   N/A       N/A         2

Dungeon Overview and Level Annotations

Branches:
Dungeon (8/15)             Temple (1/1) D:5            Lair (0/6) D:8
 Bailey (1/1)

Altars:
Ashenzari
Cheibriados
Dithmenos
Elyvilon
Fedhas
Gozag
Hepliaklqana
Kikubaaqudgha
Makhleb
Nemelex Xobeh
Okawaru
Qazlal
Ru
Sif Muna
Trog
Uskayaw
Vehumet
Wu Jian
Xom
Yredelemnul
Zin
The Shining One

Shops:
D:2 ?((*(   D:4 *


Innate Abilities, Weirdness & Mutations

You are resistant to damage.
You can heal yourself by infusing magical energy.
You passively map the area around you.
You do not regenerate.


Message History

* * * LOW HITPOINT WARNING * * *
The wolf bites you but does no damage.
The gnoll shaman hits you but does no damage.
You hit the gnoll shaman but do no damage.
You drain the gnoll shaman.
The gnoll shaman is severely wounded.
The gnoll shaman hits you but does no damage.
The gnoll sergeant closely misses you. The wolf closely misses you.
The gnoll shaman calls down the wrath of its god upon you.
You resist with almost no effort.
The gnoll shaman hits you but does no damage.
The gnoll sergeant closely misses you. The wolf barely misses you.
Unknown command.
You closely miss the gnoll shaman.
The gnoll shaman is severely wounded.
You block the gnoll shaman's attack. The gnoll shaman barely misses you.
The gnoll sergeant hits you but does no damage.
The wolf bites you. The gnoll shaman closely misses you.
The gnoll shaman barely misses you. The gnoll sergeant closely misses you.
The wolf bites you.
Unknown command.
You hit the gnoll shaman.
The gnoll shaman is severely wounded.
The gnoll shaman hits you but does no damage.
The gnoll shaman closely misses you. The wolf bites you!
* * * LOW HITPOINT WARNING * * *
The gnoll sergeant hits you with a +0 glaive.
* * * LOW HITPOINT WARNING * * *
You block the gnoll shaman's attack.
The gnoll shaman hits you with a +0 trident.
The wolf misses you. You block the gnoll sergeant's attack.
You sock the gnoll shaman!
You kill the gnoll shaman!
Okawaru accepts your kill. The wolf misses you.
The gnoll shaman closely misses you.
The gnoll sergeant hits you with a +0 glaive.
* * * LOW HITPOINT WARNING * * *
You block the wolf's attack. The gnoll shaman misses you.
The gnoll sergeant hits you with a +0 glaive.
You die...

♣♣♣♣♣♣♣♣♣♣♣♣♣♣♣♣♣♣♣♣♣♣♣
♣♣≈≈≈≈≈≈≈≈≈≈≈≈≈≈≈≈≈≈≈≈≈♣♣
♣≈≈...#############...≈≈♣♣
♣≈...##.8...#...8.###..≈.♣
♣≈..##......#g)...#
#..≈.♣♣
♣≈..#.......'h@g..#
#..≈..♣♣
♣≈..#.))).#####...#
#..≈...♣ ♣≈).#.).)## ,
#..+,#..≈...♣ ♣≈..##(###
,, ###*#..≈...♣♣
♣≈.)....#, , , +.......♣♣♣
♣≈......+ ,,+ +.))...∩..∩
♣≈....).# ,, ,+.......♣♣♣
♣≈..##†### , #..≈...♣♣
♣≈..#.)).## , #..≈..♣♣


You could see a gnoll sergeant (fast), a wolf and a gnoll shaman (fast).

Vanquished Creatures
  Harold (D:7)
  Grinder (D:4)
  Prince Ribbit (Temple)
  Sigmund (D:2)
  Eustachio (D:5)
  Edmund (D:5)
  Duvessa (D:5)
  An ice beast (D:7)
  An orc warrior (D:6)
  2 sky beasts
  2 black bears (D:6)
  4 ogres
  A centaur (D:5)
  4 wolves (Bailey)
  2 phantoms
  2 bullfrogs (D:7)
  7 gnoll sergeants (Bailey)
  A scorpion (D:4)
  Dowan (D:5)
  A water moccasin skeleton (D:7)
  3 hounds
  A bullfrog skeleton (D:6)
  3 orc priests (D:5)
  4 gnoll shamans (Bailey)
  A centaur skeleton (D:7)
  Natasha (thrice) (D:2)
  An orc wizard (D:6)
  2 iguanas
  A scorpion zombie (D:5)
  A hound zombie (D:5)
  A hound skeleton (D:4)
  7 gnolls (Bailey)
  7 adders
  A white imp (D:6)
  An adder skeleton (D:4)
  2 worms
  4 dart slugs
  20 orcs
  4 endoplasms
  A giant cockroach (D:3)
  4 goblins
  5 hobgoblins
  19 jackals
  5 quokkas
  8 ball pythons
  5 bats
  3 frilled lizards
  4 kobolds
  3 rats
160 creatures vanquished.

Notes
Turn   | Place    | Note
-------+----------+-------------------------------------------
     0 | D:1      | HallandMoats the Deep Dwarf Fighter began the quest for the
                  | Orb.
     0 | D:1      | Reached XP level 1. HP: 20/20 MP: 1/1
    82 | D:1      | Reached XP level 2. HP: 24/27 MP: 2/2
   271 | D:1      | Reached skill level 1 in Invocations
   448 | D:1      | Reached skill level 1 in Dodging
   448 | D:1      | Reached XP level 3. HP: 28/34 MP: 3/3
   772 | D:2      | Found Awakelag's Magic Scroll Shoppe.
   821 | D:2      | Found Elenefacw's Antique Weapon Emporium.
   821 | D:2      | Noticed Sigmund
   948 | D:2      | Killed Sigmund
   949 | D:2      | Reached skill level 2 in Invocations
   949 | D:2      | Reached XP level 4. HP: 16/44 MP: 3/5
   949 | D:2      | Reached XP level 5. HP: 19/50 MP: 3/6
  1000 | D:2      | Noticed Natasha
  1003 | D:2      | Found Kodettof's Weapon Shoppe.
  1007 | D:2      | Killed Natasha
  1023 | D:2      | You fall into a shaft and drop 2 floors!
  1101 | D:4      | Noticed a phantom
  1221 | D:4      | Reached XP level 6. HP: 18/57 MP: 6/6
  1298 | D:4      | Found Xaesyol's Overcharged Wands.
  1366 | D:4      | Noticed Grinder
  1612 | D:2      | Noticed Natasha
  1618 | D:2      | Killed Natasha
  1719 | D:2      | Noticed Natasha
  1728 | D:2      | Killed Natasha
  1878 | D:2      | Found Wodgh's Weapon Boutique.
  1966 | D:2      | Found Viwunori's Assorted Antiques.
  2570 | D:3      | Reached skill level 3 in Invocations
  2760 | D:4      | Killed Grinder
  2761 | D:4      | Reached XP level 7. HP: 6/66 MP: 6/6
  3470 | D:5      | Entered Level 5 of the Dungeon
  3589 | D:5      | Reached skill level 5 in Fighting
  3589 | D:5      | Reached skill level 5 in Shields
  3618 | D:5      | Noticed Prince Ribbit
  3642 | D:5      | Found a staircase to the Ecumenical Temple.
  3643 | D:5      | Noticed Eustachio
  3651 | Temple   | Entered the Ecumenical Temple
  3933 | Temple   | Became a worshipper of Warmaster Okawaru
  4025 | Temple   | Killed Prince Ribbit
  4026 | Temple   | Reached skill level 5 in Armour
  4026 | Temple   | Reached skill level 4 in Invocations
  4026 | Temple   | Reached XP level 8. HP: 17/74 MP: 3/5
  4162 | D:5      | Killed Eustachio
  4162 | D:5      | Reached * piety under Okawaru
  4326 | D:5      | Reached skill level 5 in Invocations
  4546 | D:5      | Noticed Edmund
  4553 | D:5      | Killed Edmund
  4745 | D:5      | Noticed Duvessa
  4745 | D:5      | Noticed Dowan
  4753 | D:5      | Killed Duvessa
  4754 | D:5      | Reached skill level 5 in Axes
  4754 | D:5      | Reached skill level 6 in Invocations
  4758 | D:5      | Killed Dowan
  4895 | D:5      | Found a hazy altar of Hepliaklqana.
  4984 | D:6      | Reached ** piety under Okawaru
  5036 | D:6      | Gained mutation: You passively map the area around you.
                  | [Deep Dwarf growth]
  5036 | D:6      | Reached XP level 9. HP: 33/82 MP: 3/3
  5057 | D:6      | Reached skill level 7 in Invocations
  5637 | D:7      | Reached skill level 5 in Dodging
  5945 | D:7      | Noticed Harold
  5979 | D:7      | Killed Harold
  5979 | D:7      | Reached *** piety under Okawaru
  5980 | D:7      | Reached skill level 8 in Invocations
  6312 | D:8      | Found a flagged portal.
  6318 | Bailey   | Entered a bailey
  6443 | Bailey   | Reached XP level 10. HP: 21/94 MP: 2/4
  6462 | Bailey   | Reached skill level 9 in Invocations
  6650 | Bailey   | HP: 3/96 [gnoll sergeant (4)]
  6650 | Bailey   | Slain by a gnoll sergeant

Illustrated notes

Levels and vault maps discovered:
D:1:      amcnicky_arrival_feature_with_door, layout_basic, lemuel_old_faithful
D:2:      layout_basic, serial_shops, shop, nicolae_shop_crystal,
          nicolae_shop_bloodbath_and_beyond, nicolae_shop_crystal, shop,
          st_stairs_11, minmay_tetromino_i2, uniq_sigmund, uniq_natasha
D:3:      layout_basic
D:4:      layout_basic, nicolae_shop_overcharged_wands, uniq_grinder
D:5:      layout_basic, nicolae_hepliaklqana_hippocampus,
          minmay_temple_entry_statues_pillars, uniq_prince_ribbit1,
          uniq_duvessa, uniq_edmund, uniq_eustachio
D:6:      layout_rooms, st_stairs_5, kennysheep_dice
D:7:      layout_loops_cross, uniq_harold
D:8:      layout_rooms, dpeg_lair_monsters, special_room [special_room_orc],
          enter_bailey_3
Temple:   kilobyte_greek_temple
Bailey:   bailey_polearm_gnolls_kennysheep, bailey

Skill      XL: |  1  2  3  4  5  6  7  8  9 10 |
---------------+-------------------------------+-----
Fighting       | 3 4 5 6 7 |  7.7
Invocations    | 1 2 3 4 6 8 9 |  9.2
Dodging        | 1 2 3 4 5 |  5.9
Axes           | 3 4 5 6 |  6.5
Shields        | 4 5 |  5.3
Armour         | 4 5 6 |  6.8

Action                   |  1- 3 |  4- 6 |  7- 9 | 10-12 || total
-------------------------+-------+-------+-------+-------++-------
Melee: War axe           |     7 |   148 |    41 |       ||   196
       Short sword       |    56 |    20 |    82 |       ||   158
       Flail             |       |       |   189 |    64 ||   253
Throw: Throwing net      |       |       |     1 |       ||     1
Invok: Heroism           |       |       |     2 |     1 ||     3
 Abil: Heal Wounds       |       |     7 |    19 |     7 ||    33
Evoke: Wand              |       |       |     1 |       ||     1
  Use: Potion            |     1 |     7 |     3 |       ||    11
       Scroll            |       |     5 |     3 |       ||     8
 Stab: Held in net/web   |       |       |     1 |       ||     1
Armor: Scale mail        |    28 |   107 |    62 |       ||   197
       Skin              |       |    15 |       |       ||    15
       Pearl dragon scal |       |       |   151 |    77 ||   228
Dodge: Dodged            |    17 |   156 |   254 |   117 ||   544
Block: Buckler           |     6 |   105 |   157 |    67 ||   335

Table legend: (Time is in decaauts)
 A = Elapsed time spent in this place.
 B = Non-inter-level travel time spent in this place.
 C = Inter-level travel time spent in this place.
 D = Time resting spent in this place.
 E = Time spent auto-exploring this place.
 F = Levels seen in this place.
 G = Mean time per level.
                   A        B        C        D        E       F      G
               +--------+--------+--------+--------+--------+-----+--------+
         Total |   6798 |   6634 |    164 |    947 |   3633 |  10 |  679.8 |
       Dungeon |   5949 |   5827 |    122 |    613 |   3484 |   8 |  743.6 |
        Temple |    500 |    458 |     42 |    220 |    149 |   1 |  500.0 |
        Bailey |    348 |    348 |      0 |    114 |      0 |   1 |  348.0 |
               +--------+--------+--------+--------+--------+-----+--------+

Top non-repeatable levels by time:
     D:4: 1361 daAuts
     D:5: 994 daAuts
     D:2: 807 daAuts
     D:1: 752 daAuts
     D:7: 696 daAuts
     D:6: 677 daAuts
     D:3: 619 daAuts
  Temple: 500 daAuts
  Bailey: 348 daAuts
     D:8: 39 daAuts
